Feel lose but in the same time feel win [Weird Match]

Match 33093597
End
Construct Barracks
Engineer Squad
Riflemen Squad
Riflemen Squad
Selects Advanced Infantry Battlegroup
Grenade Package
Riflemen Squad
Selects Convert to Ranger Squad
Infantry Support Center
Construct Motor Pool
Convert to Ranger Squad
Selects Frontline Medical Station
Frontline Medical Station
Advanced Logistics
Convert to Ranger Squad
M8 Greyhound Armored Car
Selects Ammunition Storage
Convert to Ranger Squad
M1 Anti-tank Gun Team
Construct Tank Depot
Selects M2A1 105mm Howitzer Emplacement
Selects Free Fire Drills
Frontline Medical Station
Selects Ranger Weapon Training
Ranger Squad
Survival Training
Ranger Squad
M18 Hellcat Tank Destroyer
Engineer Squad
Ranger Squad
Engineer Squad
Munitions Surplus
M18 Hellcat Tank Destroyer
M18 Hellcat Tank Destroyer
M18 Hellcat Tank Destroyer
Mochi_flamer
alphaelf
kingkendji99
Zamalek.YT ✪
乌拉
[Ace] Mango Rage
Rice shower
0
0

Comments sign in to comment!

No comments posted yet!